 Dungeon Crawl Stone Soup version 0.22-a0-799-g88f5e907b7 (webtiles) character file.

189 rOOCKER the Slasher (level 5, -1/47 HPs)
             Began as a Hill Orc Monk on July 21, 2018.
             Was a Believer of Okawaru.
             Slain by an ogre
             ... wielding a +0 giant club
              (11 damage)
             ... on level 3 of the Dungeon.
             The game lasted 00:18:20 (2993 turns).

rOOCKER the Slasher (Hill Orc Monk)                 Turns: 2993, Time: 00:18:21

Health: -1/47      AC:  6    Str: 15    XL:     5   Next: 68%
Magic:  5/5        EV: 10    Int: 10    God:    Okawaru [**....]
Gold:   187        SH:  0    Dex: 13    Spells: 4/4 levels left

rFire    . . .     SeeInvis .   a - +0 falchion
rCold    . . .     Gourm    .   (no shield)
rNeg     . . .     Faith    .   q - +0 scale mail
rPois    .         Spirit   .   (no helmet)
rElec    .         Reflect  .   (no cloak)
rCorr    .         Harm     .   (no gloves)
MR       .....                  (no boots)
Stlth    ..........             (no amulet)
HPRegen  0.15/turn              (no ring)
MPRegen  0.09/turn              (no ring)

@: no status effects
A: no striking features
a: Heroism, Renounce Religion


You were on level 3 of the Dungeon.
You worshipped Okawaru.
Okawaru was pleased with you.
You were not hungry.

You visited 1 branch of the dungeon, and saw 4 of its levels.

You collected 187 gold pieces.

Inventory:

Hand Weapons
 a - a +0 falchion (weapon)
 r - a +2 hunting sling of freezing
Armour
 b - a +0 robe
 n - a +0 ring mail
 q - a +0 scale mail (worn)
 x - a +0 chain mail
Jewellery
 j - an uncursed amulet of rage {unknown}
 p - a +2 ring of dexterity {unknown}
Scrolls
 f - 2 scrolls of blinking {unknown}
 g - 3 scrolls of identify {unknown}
 h - a scroll of enchant armour {unknown}
 k - 2 scrolls of noise {unknown}
 l - a scroll of remove curse {unknown}
 m - a scroll of random uselessness {unknown}
 s - 3 scrolls of magic mapping {unknown}
 t - 2 scrolls of teleportation {unknown}
Potions
 d - a potion of heal wounds {unknown}
 e - a potion of degeneration {unknown}
 i - a potion of ambrosia {unknown}
 o - a potion of curing {unknown}
 u - a potion of might {unknown}
 v - a potion of berserk rage {unknown}
 w - a potion of flight {unknown}
 z - a potion of resistance {unknown}
 A - a potion of magic {unknown}
Comestibles
 c - 6 rations
 B - 6 chunks of flesh


   Skills:
 + Level 4.5 Fighting
 + Level 5.1 Long Blades
 + Level 2.0 Armour
 + Level 3.0 Dodging
 + Level 1.7 Stealth


You had 4 spell levels left.
You didn't know any spells.
Your spell library contained the following spells:

 Spells                   Type           Power        Failure   Level  Hunger
 Spider Form              Tmut/Pois      #.........   99%         3    ####...
 Blade Hands              Tmut           #.........   100%        5    ######.
 Ice Form                 Ice/Tmut       #.......     100%        4    #####..
 Sticks to Snakes         Tmut           #.......     92%         2    ###....
 Beastly Appendage        Tmut           #.....       83%         1    ##.....


Dungeon Overview and Level Annotations

Branches:
Dungeon (4/15)
 Temple: D:4-7

Altars:
Dithmenos
Elyvilon
Makhleb
Okawaru
Trog
Uskayaw


Message History

* * * LOW HITPOINT WARNING * * *
You see here a leather armour.
You see here a jackal skeleton.
You see here a chain mail.
There is an open door here.
There is a stone staircase leading up here.
The ogre closely misses you.
You climb upwards.
There is a stone staircase leading down here.
You hit the ogre.
The ogre is almost dead.
The ogre barely misses you.
You hit the ogre but do no damage.
The ogre is almost dead.
The ogre hits you with a giant club.
* * * LOW HITPOINT WARNING * * *
You hit the ogre but do no damage.
The ogre is almost dead.
The ogre hits you with a giant club!
You die...

##################
#.................
#@O...............
#################.
#..........<#.
###+#......####.
#....+.....'....
##....#.....####.
#..#####...######
#.##...##.##...##
#.#.8.8.#.#.8.8.#


You could see an ogre.

Vanquished Creatures
  A hound (D:4)
  A worker ant (D:4)
  4 adders
  An ooze (D:3)
  An adder skeleton (D:4)
  3 worms
  2 dart slugs
  A leopard gecko (D:3)
  2 orcs (D:3)
  2 bats
  3 giant cockroaches
  5 goblins
  13 hobgoblins
  11 jackals
  2 ball pythons (D:3)
  2 frilled lizards
  10 kobolds
  A leopard gecko skeleton (D:4)
  12 rats
77 creatures vanquished.

Vanquished Creatures (others)
  A hobgoblin (D:2)
  A ball python (D:2)
2 creatures vanquished.

Grand Total: 79 creatures vanquished

Notes
Turn   | Place    | Note
-------+----------+-------------------------------------------
     0 | D:1      | rOOCKER the Hill Orc Monk began the quest for the Orb.
     0 | D:1      | Reached XP level 1. HP: 19/19 MP: 1/1
   246 | D:1      | Reached XP level 2. HP: 27/27 MP: 2/2
   952 | D:2      | Reached XP level 3. HP: 32/33 MP: 3/3
  1091 | D:2      | Reached skill level 4 in Long Blades
  1275 | D:2      | Found a white marble altar of Elyvilon.
  1383 | D:2      | Reached XP level 4. HP: 38/40 MP: 4/4
  1746 | D:3      | Found an iron altar of Okawaru.
  1765 | D:3      | Became a worshipper of Warmaster Okawaru
  1765 | D:3      | Reached * piety under Okawaru
  1765 | D:3      | Reached ** piety under Okawaru
  2065 | D:3      | Reached XP level 5. HP: 39/47 MP: 5/5
  2099 | D:3      | Found a burning altar of Makhleb.
  2118 | D:3      | Found a hide-covered altar of Uskayaw.
  2125 | D:3      | Found a bloodstained altar of Trog.
  2138 | D:3      | Found a shadowy altar of Dithmenos.
  2567 | D:4      | Reached skill level 5 in Long Blades
  2567 | D:4      | Reached skill level 1 in Armour
  2950 | D:4      | Noticed an ogre
  2993 | D:3      | Slain by an ogre

Vault maps used:
D:1:      minmay_arrival_doors, serial_forest, infiniplex_forest_clump_tiny,
          infiniplex_forest_lined_room_2, infiniplex_forest_lined_corner,
          infiniplex_forest_clump_tiny, infiniplex_forest_straight_3,
          infiniplex_forest_straight_4
D:2:      elyvilon_altar_4
D:3:      grunt_temple_overflow_cloverleaf, first_ration, solitary_fountain,
          okawaru_altar_gauntlet_db
D:4:      nicolae_overflow_crystal_walls, grunt_ministairs_8

Skill      XL: |  1  2  3  4  5 |
---------------+----------------+-----
Fighting       | 4 |  4.5
Long Blades    | 4 5 |  5.1
Dodging        | 3 |  3.0
Armour         | 2 |  2.0
Stealth        | |  1.7

Action                   |  1- 3 |  4- 6 || total
-------------------------+-------+-------++-------
Melee: Falchion          |   156 |   192 ||   348
       Punch             |       |     1 ||     1
Invok: Heroism           |       |     1 ||     1
 Stab: Sleeping          |     2 |       ||     2
  Eat: Chunk             |     2 |     3 ||     5
       Ration            |       |     1 ||     1
Armor: Robe              |    10 |       ||    10
       Scale mail        |    51 |    66 ||   117
Dodge: Dodged            |   108 |   107 ||   215
       Rpst.: Falchion   |    39 |    36 ||    75

Table legend:
 A = Spawn XP
 B = Non-spawn XP
 C = Spawn XP percentage of total XP
 D = Spawn monster count
 E = Non-spawn monster count
 F = Spawn count percentage of total count
 G = Total turns spent on level
                    A         B        C        D         E        F      G
               +---------+---------+-------+---------+---------+-------+---------
         Total |       0 |     270 |   0.0 |       0 |      77 |   0.0 |  2993
               +---------+---------+-------+---------+---------+-------+---------
           D:1 |       0 |      33 |   0.0 |       0 |      18 |   0.0 |   945
           D:2 |       0 |      53 |   0.0 |       0 |      23 |   0.0 |   582
           D:3 |       0 |      92 |   0.0 |       0 |      27 |   0.0 |   805
           D:4 |       0 |      92 |   0.0 |       0 |       9 |   0.0 |   661
               +---------+---------+-------+---------+---------+-------+---------
